AoeStats
← ponuno

Arena

509136158Analyzed
4v4 RM · 8d ago on Sep 25, 2026· 37m 6s· 8 players
Game mode
Random Map
Map size
Large (8 player)
Population
200
Speed
Normal
Resources
Standard
Victory
Conquest
Starting age
Dark Age
Ending age
Imperial Age
RankedLock teamsTeams togetherTeam positionsShared explorationLock speedFull tech treeHidden civsTurbo modeCheats
Victory
Defeat
🇯🇴 Cumans · Jordan
1572
+18
🇦🇷 Sicilians · Argentina
1553
+19
🇬🇧 Malay · United Kingdom
1540
+19
🇨🇳 Teutons · China
1513
+20
🇷🇺 Cumans · Russia
1681
-23
🇧🇾 Spanish · Belarus
1629
-20
🇧🇾 Khmer · Belarus
1570
-17
🇧🇾 Portuguese · Belarus
1548
-16
JN-
12:49 Feudal Age
15:34 Castle Age
13:28 Double-Bit Axe
13:46 Horse Collar
15:28 Bow Saw
18:07 Heavy Plow
20:43 Fletching
21:57 Wheelbarrow
21:48 Crossbowman
22:29 Gold Mining
22:50 Bodkin Arrow
23:54 Hand Cart
24:48 Gold Shaft Mining
24:20 Loom
29:26 Imperial Age
27:06 Thumb Ring
27:08 Town Watch
28:03 Ballistics
29:11 Padded Archer Armor
29:12 Bracer
30:13 Chemistry
28:34 Arbalester
30:15 Leather Archer Armor
30:22 Siege Engineers
30:16 Stone Mining
30:51 Caravan
33:49 Town Watch
34:36 Coinage
34:50 Ring Archer Armor
34:31 Forging
34:27 Pikeman
35:07 Squires
34:28 Man-at-Arms
34:53 Arson
36:55 Banking
37:33 Crop Rotation
37:39 Stone Shaft Mining
Denosumab
9:28 Feudal Age
11:10 Wheelbarrow
10:20 Double-Bit Axe
10:16 Horse Collar
17:10 Loom
19:41 Castle Age
20:39 Scale Barding Armor
20:42 Town Watch
20:28 Capped Ram
21:45 Bloodlines
22:04 Bow Saw
23:58 Padded Archer Armor
24:40 Chain Barding Armor
29:32 Gold Mining
30:45 Hand Cart
30:51 Forging
36:08 Imperial Age
37:23 Plate Barding Armor
36:23 Cavalier
Asator
10:33 Feudal Age
14:18 Castle Age
12:29 Horse Collar
12:38 Double-Bit Axe
12:58 Horse Collar
15:55 Bow Saw
16:44 Loom
21:27 Wheelbarrow
20:38 Loom
21:16 Heavy Plow
22:08 Gold Mining
23:04 Hand Cart
25:03 Squires
25:03 Scale Mail Armor
28:01 Imperial Age
25:10 Pikeman
26:05 Chain Mail Armor
26:52 Forging
27:01 Stone Mining
28:27 Gold Shaft Mining
28:02 Capped Ram
28:03 Halberdier
29:17 Plate Mail Armor
28:53 Siege Ram
30:22 Iron Casting
30:30 Conscription
32:30 Blast Furnace
32:38 Siege Engineers
32:57 Onager
34:37 Masonry
35:28 Chemistry
34:48 Ballistics
儒门_重农抑商
10:18 Feudal Age
14:18 Castle Age
13:07 Double-Bit Axe
13:22 Horse Collar
14:16 Fletching
20:38 Loom
21:47 Wheelbarrow
21:13 Crossbowman
23:21 Bodkin Arrow
24:04 Sanctity
29:24 Imperial Age
27:10 Redemption
28:29 Ballistics
28:58 Hand Cart
29:05 Town Watch
28:50 Elite Skirmisher
29:32 Padded Archer Armor
32:12 Chemistry
31:39 Leather Archer Armor
31:33 Gold Mining
31:33 Stone Mining
33:21 Ring Archer Armor
36:35 Bow Saw
Zyzz
8:33 Loom
10:44 Feudal Age
14:25 Castle Age
12:34 Horse Collar
13:35 Double-Bit Axe
16:25 Bow Saw
17:52 Wheelbarrow
21:15 Heavy Plow
23:02 Hand Cart
22:48 Gold Mining
27:45 Imperial Age
25:07 Fletching
25:46 Bodkin Arrow
25:28 Crossbowman
25:36 Crossbowman
26:23 Thumb Ring
26:50 Padded Archer Armor
28:32 Ballistics
28:18 Scale Barding Armor
28:43 Bracer
29:59 Chemistry
28:36 Arbalester
30:40 Scale Mail Armor
30:00 Pikeman
31:43 Chain Mail Armor
30:50 Halberdier
32:50 Plate Mail Armor
32:31 Forging
32:09 Town Watch
32:52 Conscription
34:39 Iron Casting
36:46 Siege Engineers
36:51 Masonry
PromoART
9:58 Feudal Age
14:12 Castle Age
12:41 Double-Bit Axe
13:10 Horse Collar
15:57 Bow Saw
19:37 Loom
19:44 Town Watch
22:03 Gold Mining
24:00 Fletching
25:18 Bodkin Arrow
26:16 Wheelbarrow
25:45 Town Patrol
30:17 Imperial Age
28:54 Hand Cart
28:57 Husbandry
29:08 Bloodlines
29:12 Scale Barding Armor
29:12 Heavy Plow
29:49 Forging
30:08 Chain Barding Armor
32:05 Plate Barding Armor
31:29 Light Cavalry
ponuno
9:00 Feudal Age
10:15 Double-Bit Axe
11:05 Horse Collar
19:59 Castle Age
19:06 Scale Barding Armor
19:21 Forging
19:06 Loom
20:00 Bloodlines
20:32 Wheelbarrow
20:03 Gold Mining
23:19 Bow Saw
24:00 Chain Barding Armor
24:39 Fletching
DzeDanik
10:31 Feudal Age
14:36 Castle Age
13:04 Double-Bit Axe
13:10 Horse Collar
15:44 Bow Saw
16:49 Fervor
18:52 Sanctity
19:57 Fletching
21:59 Loom
23:46 Wheelbarrow
24:18 Padded Archer Armor
25:42 Leather Archer Armor
28:11 Imperial Age
26:15 Heavy Plow
26:07 Gold Mining
26:48 Town Watch
27:33 Fortified Wall
27:43 Bloodlines
28:13 Leather Archer Armor
28:46 Redemption
30:03 Chemistry
32:28 Ring Archer Armor
32:11 Fletching
32:55 Onager
33:35 Elite Conquistador
34:19 Husbandry
34:33 Bodkin Arrow
Connection lost

Rejoining the realm…

Still unreachable

The connection could not be restored.

Session expired

The server has moved on; the page needs a fresh start.